 Dungeon Sprint DCSS version 0.29-a0-337-g68df138881 (webtiles) character file.

Game seed: 11020044987008675936

9018 mhtbhm the Impaler (level 11, -16/112 HPs)
             Began as a Green Draconian Berserker on Apr 16, 2022.
             Was the Champion of Trog.
             Demolished by a dire elephant (24 damage)
             ... in the Dungeon (Sprint IX: "|||||||||||||||||||||||||||||").
             The game lasted 00:01:48 (995 turns).

mhtbhm the Impaler (Green Draconian Berserker)       Turns: 995, Time: 00:01:49

Health: -16/112    AC:  9    Str: 23    XL:     11   Next: 17%
Magic:  11/11      EV: 17    Int:  9    God:    Trog [******]
Gold:   11         SH:  0    Dex: 10    Spells: 10/10 levels left

rFire   . . .      SeeInvis .   a - +8 trident (flame)
rCold   . . .      Faith    .   (no shield)
rNeg    . . .      Spirit   .   (body armour unavailable)
rPois   +          Reflect  .   (helmet restricted)
rElec   .          Harm     .   (no cloak)
rCorr   .          Rampage  .   (no gloves)
Will    .....      NoTele   +   (no boots)
Stlth   +++.......              (no amulet)
HPRegen 0.28/turn               j - +2 ring of evasion
MPRegen 0.12/turn               k - +2 ring of protection

@: on berserk cooldown, slowed, very slow
A: breathe noxious fumes, AC +7, unfitting armour, poison resistance,
cold-blooded
a: Breathe Noxious Fumes, Renounce Religion, Berserk, Trog's Hand, Brothers in
Arms


You were in the Dungeon.
You worshipped Trog.
Trog was exalted by your worship.
You visited 1 branch You collected 11 gold pieces.

Inventory:

Hand Weapons
 a - a +8 trident of flaming (weapon)
 r - a +6 bardiche
Jewellery
 j - a +2 ring of evasion (left hand)
 k - a +2 ring of protection (right hand)
 m - a ring of protection from cold
Wands
 i - a wand of acid (10)
Scrolls
 g - 2 scrolls of blinking
 n - a scroll of fear
 o - a scroll of identify
 p - 2 scrolls of enchant armour
 q - 4 scrolls of enchant weapon
Potions
 b - 5 potions of curing
 c - 8 potions of heal wounds
 d - 2 potions of haste
 e - 4 potions of magic
 f - a potion of berserk rage
 h - a potion of invisibility
 l - a potion of mutation


   Skills:
 + Level 15.1 Fighting
 + Level 19.5 Polearms
 + Level 11.4 Dodging
 + Level 7.3 Stealth


You had 10 spell levels left.
You didn't know any spells.
Your spell library was empty.

Dungeon Overview and Level Annotations

Branches:
Dungeon (1/1)

Altars:
Cheibriados
Dithmenos
Elyvilon
Fedhas
Gozag
Hepliaklqana
Kikubaaqudgha
Makhleb
Nemelex Xobeh
Okawaru
Qazlal
Ru
Sif Muna
Trog
Uskayaw
Vehumet
Wu Jian
Xom
Yredelemnul
Zin
The Shining One
Beogh
Jiyva
Lugonu


Innate Abilities, Weirdness & Mutations

You can breathe blasts of noxious fumes.
Your lurid green scales are hard. (AC +7)
You cannot fit into any form of body armour.
Your system is resistant to poisons. (rPois)
You are cold-blooded and may be slowed by cold attacks.


Message History

You barely miss the dire elephant. You tail-slap the dire elephant.
The dire elephant is almost dead.
The dire elephant tramples you!!
You stumble backwards!
You are too injured to fight recklessly!
You are too injured to fight recklessly!
You are too injured to fight recklessly!
You are too injured to fight recklessly!
You are too injured to fight recklessly!
You are too injured to fight recklessly!
You are too injured to fight recklessly!
You are too injured to fight recklessly!
You are too injured to fight recklessly!
You are too injured to fight recklessly!
You are too injured to fight recklessly!
You are too injured to fight recklessly!
You are too injured to fight recklessly!
You are too injured to fight recklessly!
You are too injured to fight recklessly!
You can't do that yet.
Unknown command.
Unknown command.
You hit the dire elephant but do no damage.
The dire elephant is almost dead.
You have got your breath back.
The dire elephant tramples you but does no damage.
The dire elephant barely misses you.
You hit the dire elephant. You burn the dire elephant.
The dire elephant is almost dead.
The dire elephant tramples you!!
* * * LOW HITPOINT WARNING * * *
You hold your ground!
The dire elephant barely misses you.
You hit the dire elephant. You burn the dire elephant.
The dire elephant is almost dead.
The dire elephant tramples you!
* * * LOW HITPOINT WARNING * * *
You stumble backwards!
You hit the dire elephant but do no damage.
The dire elephant is almost dead.
The dire elephant tramples you!!
You die...

▓▓▓▓▓▓▓▓▓▓▓▓▓▓▓▓▓▓▓▓▓▓▓▓▓▓▓
......Y†YY@..÷.÷).'.....÷.†
▓▓▓▓▓▓▓▓▓▓▓▓▓▓▓▓▓▓▓▓▓▓▓▓▓▓▓▓▓▓▓▓▓
.................................
▓▓▓▓▓▓▓▓▓▓▓▓▓▓▓▓▓▓▓▓▓▓▓▓▓▓▓▓▓▓▓▓▓
...)†..[[[.)?.'__________________
▓▓▓▓▓▓▓▓▓▓▓▓▓▓▓▓▓▓▓▓▓▓▓▓▓▓▓▓▓▓▓▓▓


You could see a dire elephant and 2 elephants.

Vanquished Creatures
  3 dire elephants (D)
  2 centaur warriors (D)
  A cyclops (D)
  4 elephants (D)
  A torpor snail (D)
  2 cane toads (D)
  4 komodo dragons (D)
  A troll (shapeshifter) (D)
  A blink frog (D)
  A shadow (D)
  A wyvern (D)
  A vampire (D)
  3 yaks (D)
  A basilisk (D)
  An acid dragon (D)
  A centaur (D)
  A phantom (D)
  4 bullfrogs (D)
  A scorpion (D)
  A howler monkey (D)
  2 hounds (D)
  2 orc wizards (D)
  2 bats (D)
  An endoplasm (D)
  2 hobgoblins (D)
  A quokka (D)
45 creatures vanquished.

Notes
Turn   | Place    | Note
-------+----------+-------------------------------------------
     0 | D        | mhtbhm the Draconian Berserker began the quest for the Orb.
     0 | D        | Reached XP level 1. HP: 19/19 MP: 1/1
     9 | D        | Reached ** piety under Trog
   123 | D        | Noticed a hound
   123 | D        | Noticed a scorpion
   123 | D        | Noticed a hound
   123 | D        | Noticed a phantom
   135 | D        | Killed a phantom
   136 | D        | Reached skill level 5 in Polearms
   136 | D        | Reached skill level 5 in Dodging
   136 | D        | Reached XP level 2. HP: 22/30 MP: 2/2
   136 | D        | Reached XP level 3. HP: 28/37 MP: 3/3
   136 | D        | Reached XP level 4. HP: 33/44 MP: 4/4
   138 | D        | Reached *** piety under Trog
   139 | D        | Reached skill level 6 in Polearms
   142 | D        | Killed a scorpion
   143 | D        | Reached skill level 7 in Polearms
   143 | D        | Reached XP level 5. HP: 21/52 MP: 5/5
   163 | D        | Found a snail-covered altar of Cheibriados.
   163 | D        | Found a shadowy altar of Dithmenos.
   163 | D        | Found a white marble altar of Elyvilon.
   163 | D        | Found a blossoming altar of Fedhas.
   163 | D        | Found an opulent altar of Gozag.
   164 | D        | Found a hazy altar of Hepliaklqana.
   165 | D        | Found a viscous altar of Jiyva.
   166 | D        | Found an ancient bone altar of Kikubaaqudgha.
   167 | D        | Found a corrupted altar of Lugonu.
   168 | D        | Found a burning altar of Makhleb.
   169 | D        | Found a sparkling altar of Nemelex Xobeh.
   170 | D        | Found an iron altar of Okawaru.
   171 | D        | Found a stormy altar of Qazlal.
   172 | D        | Found a sacrificial altar of Ru.
   173 | D        | Found a shimmering blue altar of Sif Muna.
   174 | D        | Found a bloodstained altar of Trog.
   175 | D        | Found a hide-covered altar of Uskayaw.
   176 | D        | Found a radiant altar of Vehumet.
   177 | D        | Found an ornate altar of the Wu Jian Council.
   178 | D        | Found a shimmering altar of Xom.
   179 | D        | Found a basalt altar of Yredelemnul.
   180 | D        | Found a glowing silver altar of Zin.
   181 | D        | Found a glowing golden altar of the Shining One.
   377 | D        | Noticed an acid dragon
   377 | D        | Noticed a vampire
   377 | D        | Noticed a yak
   377 | D        | Noticed a centaur
   380 | D        | Reached **** piety under Trog
   381 | D        | Reached skill level 8 in Polearms
   382 | D        | Killed a centaur
   383 | D        | Reached XP level 6. HP: 62/62 MP: 6/6
   386 | D        | Reached skill level 9 in Polearms
   388 | D        | Killed a yak
   389 | D        | Reached skill level 10 in Polearms
   393 | D        | Killed a vampire
   393 | D        | Reached ***** piety under Trog
   394 | D        | Your scales start taking on a lurid green colour.
   394 | D        | Reached XP level 7. HP: 71/71 MP: 7/7
   394 | D        | Gained mutation: Your system is resistant to poisons.
                  | (rPois) [Green Draconian growth]
   396 | D        | Reached skill level 10 in Fighting
   396 | D        | Reached skill level 11 in Polearms
   456 | D        | Noticed a cyclops
   456 | D        | Noticed a centaur warrior
   456 | D        | Noticed a blink frog
   456 | D        | Noticed a shadow
   456 | D        | Noticed a centaur warrior
   458 | D        | Noticed a troll
   458 | D        | a blink frog changed into a troll
   464 | D        | Killed a centaur warrior
   464 | D        | Received a gift from Trog
   465 | D        | Reached skill level 13 in Polearms
   465 | D        | Reached skill level 1 in Stealth
   465 | D        | Reached XP level 8. HP: 82/82 MP: 8/8
   465 | D        | Killed a troll
   467 | D        | Reached skill level 14 in Polearms
   472 | D        | Killed a centaur warrior
   473 | D        | Reached skill level 15 in Polearms
   473 | D        | Reached XP level 9. HP: 91/91 MP: 9/9
   477 | D        | Killed a cyclops
   622 | D        | Noticed a komodo dragon
   622 | D        | Noticed a komodo dragon
   622 | D        | Noticed a cane toad
   629 | D        | Reached skill level 16 in Polearms
   629 | D        | Reached skill level 10 in Dodging
   631 | D        | Killed a cane toad
   635 | D        | Killed a komodo dragon
   635 | D        | Received a gift from Trog
   636 | D        | Noticed an elephant
   637 | D        | Killed a komodo dragon
   640 | D        | Reached XP level 10. HP: 101/101 MP: 10/10
   655 | D        | Killed an elephant
   656 | D        | Reached skill level 17 in Polearms
   733 | D        | Noticed an elephant
   733 | D        | Noticed a cane toad
   734 | D        | Noticed a torpor snail
   737 | D        | Killed a cane toad
   737 | D        | Reached ****** piety under Trog
   737 | D        | Received a gift from Trog
   746 | D        | Killed an elephant
   746 | D        | Killed a torpor snail
   747 | D        | Reached skill level 18 in Polearms
   753 | D        | Reached skill level 5 in Stealth
   753 | D        | Received a gift from Trog
   955 | D        | Noticed a dire elephant
   955 | D        | Noticed a dire elephant
   955 | D        | Noticed a dire elephant
   955 | D        | Noticed a dire elephant
   955 | D        | Noticed an elephant
   955 | D        | Noticed an elephant
   963 | D        | Killed an elephant
   964 | D        | Noticed an elephant
   969 | D        | Killed a dire elephant
   970 | D        | Killed a dire elephant
   971 | D        | Reached skill level 19 in Polearms
   971 | D        | Reached XP level 11. HP: 111/111 MP: 11/11
   975 | D        | Reached skill level 15 in Fighting
   985 | D        | Killed a dire elephant
   995 | D        | Demolished by a dire elephant

Illustrated notes

Levels and vault maps discovered:
D:        linesprint [early_d, line_temple, items_1, d_10, items_2, lair_1,
          lair_end, items_3, orc_1, orc_end, items_4, d_15, swamp_1, shoals_1,
          snake_1, spider_1, d_20, vaults_1, items_5, swamp_end, shoals_end,
          snake_end, spider_end, vaults_end, d_27, items_6, zot_1, zot_end,
          crypt_end, forest_end, elf_end, slime_end, tomb_end, abyss_end,
          pan_hell_end]

Skill      XL: |  1  2  3  4  5  6  7  8  9 10 11 |
---------------+----------------------------------+-----
Dodging        | 5 6 7 8 9 10 11 | 11.4
Fighting       | 6 7 8 9 11 12 13 14 15 | 15.1
Polearms       | 5 7 8 10 13 15 16 19 | 19.5
Stealth        | 1 2 6 7 |  7.3

Action                   |  1- 3 |  4- 6 |  7- 9 | 10-12 || total
-------------------------+-------+-------+-------+-------++-------
Melee: Spear             |    27 |    21 |       |       ||    48
       Tailslap          |     2 |     4 |     4 |    10 ||    20
       Punch             |     2 |       |       |       ||     2
       Halberd           |       |    14 |    17 |       ||    31
       Trident           |       |       |    15 |    68 ||    83
Invok: Berserk           |     1 |     1 |     1 |     1 ||     4
 Abil: Breathe Noxious F |       |       |     2 |     2 ||     4
 Stab: Confused          |       |       |     3 |     4 ||     7
Armor: Skin              |     6 |     3 |     4 |     4 ||    17
Dodge: Dodged            |    11 |    22 |    12 |    20 ||    65

Table legend: (Time is in decaauts)
 A = Elapsed time spent in this place.
 B = Non-inter-level travel time spent in this place.
 C = Inter-level travel time spent in this place.
 D = Time resting spent in this place.
 E = Time spent auto-exploring this place.
 F = Levels seen in this place.
 G = Mean time per level.
                   A        B        C        D        E       F      G
               +--------+--------+--------+--------+--------+-----+--------+
         Total |    974 |    974 |      0 |    609 |     89 |   1 |  974.0 |
       Dungeon |    974 |    974 |      0 |    609 |     89 |   1 |  974.0 |
               +--------+--------+--------+--------+--------+-----+--------+

Top non-repeatable levels by time:
       D: 974 daAuts
